 Dungeon Crawl Stone Soup version 0.30-a0-756-gc2185399d4 (webtiles) character file.

Game seed: 17306829675401639880

479 sanka the Ruffian (level 6, 0/61 HPs)
             Began as a Troll Monk on Feb 9, 2023.
             Slain by an orc warrior
             ... wielding a +2 dire flail of protection
              (6 damage)
             ... on level 4 of the Dungeon.
             The game lasted 00:04:35 (2442 turns).

sanka the Ruffian (Troll Monk)                      Turns: 2442, Time: 00:04:36

Health: 0/61       AC:  4    Str: 22    XL:     6   Next: 86%
Magic:  5/5        EV: 10    Int:  6    God:
Gold:   261        SH:  0    Dex: 12    Spells: 5/5 levels left

rFire   . . .      SeeInvis .      - Unarmed
rCold   . . .      Faith    .    (no shield)
rNeg    . . .      Spirit   .    a - +0 robe
rPois   .          Reflect  .    (helmet restricted)
rElec   .          Harm     .    (no cloak)
rCorr   .          Rampage  .    (gloves unavailable)
Will    .....                    (boots unavailable)
Stlth   ++                       (no amulet)
HPRegen 1.10/turn                (no ring)
MPRegen 0.09/turn                (no ring)

@: about to teleport
A: large, unfitting armour, claws 3, regeneration 1, shaggy fur 1, tough skin 1
a: no special abilities


You were on level 4 of the Dungeon.
You visited 1 branch of the dungeon, and saw 4 of its levels.

You collected 261 gold pieces.


Innate Abilities, Weirdness & Mutations

You are too large for most types of armour.
You have claws for hands.
Your natural rate of healing is unusually fast.
You are covered in fur. (AC +1)
You have tough skin. (AC +1)


   Skills:
 - Level 3.0 Fighting
 - Level 2.4 Dodging
 - Level 1.0 Stealth
 + Level 7.6 Unarmed Combat


You had 5 spell levels left.
You didn't know any spells.
Your spell library was empty.

Inventory:

Armour
 a - a +0 robe (worn)
Wands
 i - a wand of flame (10)
 l - a wand of mindburst (17)
Scrolls
 c - 6 scrolls of identify {unknown}
 e - a scroll of teleportation {@r4}
 g - 2 scrolls of enchant armour {unknown}
 j - a scroll of fog {unknown}
 k - 2 scrolls of noise {unknown}
 m - a scroll of enchant weapon {unknown}
Potions
 b - a potion of ambrosia
 d - a potion of degeneration {unknown}
 f - a potion of haste {unknown}
 h - a potion of heal wounds {unknown}
 n - a potion of curing {unknown}

Dungeon Overview and Level Annotations

Branches:
Dungeon (4/15)
 Temple: D:4-7

Altars:
Hepliaklqana
Sif Muna

Shops:
D:4 (

Annotations:
D:3 exclusion: door

▒▒▒▒▒>▒▒▒▒▒▒▒▒ ...
.▒▒▒▒▒.....▒ ..
..........▒▒▒▒▒ ▒▒.▒
▒▒▒▒▒▒.▒...<[▒ ▒..
▒.▒▒▒▒▒.▒▒ ▒.▒
▒.▒▒▒▒...▒▒ ▒.▒
▒..▒▒.(...▒▒▒.▒
▒...........▒.▒▒▒▒
▒▒▒▒▒▒T▒▒)..∩..).......
▒..(.oo▒▒.).....▒.▒▒▒.▒
▒▒(▒▒▒▒▒▒▒▒...†.▒..▒▒..▒
▒▒..▒ ▒▒...▒▒.▒...▒▒
▒..▒▒ ▒▒▒▒▒....▒▒▒▒ ▒.▒▒
▒...)...)† ...
▒....▒▒▒▒▒▒▒ ..o.. ▒...▒
.o.?... ....


You could see an orc warrior and an orc.


Message History

The orc warrior hits you with a +2 dire flail of protection!
You scratch the orc warrior but do no damage.
The orc warrior hits you with a +2 dire flail of protection!!
* * * LOW HITPOINT WARNING * * *
You hear a shout!
You closely miss the orc warrior.
An orc comes into view. It is wielding a +0 flail.
The orc warrior closely misses you.
You scratch the orc warrior.
The orc warrior is lightly wounded.
You scratch the orc warrior but do no damage.
The orc warrior is lightly wounded.
The orc warrior hits you with a +2 dire flail of protection!
* * * LOW HITPOINT WARNING * * *
You closely miss the orc warrior.
The orc warrior is lightly wounded.
The orc warrior hits you with a +2 dire flail of protection!
* * * LOW HITPOINT WARNING * * *
You closely miss the orc warrior.
The orc warrior is lightly wounded.
The orc warrior barely misses you.
The orc warrior attacks as you move away!
The orc warrior barely misses you.
Okay, then.
As you read the scroll labelled AWEIFE HELEO, it crumbles to dust.
You feel strangely unstable.
It was a scroll of teleportation.
The orc warrior attacks as you move away!
The orc warrior hits you with a +2 dire flail of protection.
You die...

Action                     |  1- 3 |  4- 6 || total
---------------------------+-------+-------++-------
  Melee: Unarmed           |   114 |    91 ||   205
         Punch             |     2 |     3 ||     5
  Throw: Large rock        |       |     2 ||     2
  Evoke: Wand              |       |    13 ||    13
    Use: Scroll            |       |     1 ||     1
   Stab: Sleeping          |     1 |     4 ||     5
 Armour: Robe              |    41 |    23 ||    64
  Dodge: Dodged            |    73 |    37 ||   110

Levels and vault maps discovered:
D:1:      amcnicky_arrival_flooded_fountain, layout_rooms
D:2:      minmay_kobold_bridge, layout_loops_ring
D:3:      layout_loops_ring, led_sif_book, nzn_hepliaklqana_mist_gate,
          kennysheep_big_empty_room
D:4:      layout_rooms, serial_shops, kennysheep_little_box,
          nicolae_shop_statue_plus, nicolae_shop_bloodbath_and_beyond, shop,
          corner_web_ring, minmay_pentangle, uniq_edmund

Notes
Turn   | Place    | Note
-------+----------+-------------------------------------------
     0 | D:1      | sanka the Troll Monk began the quest for the Orb.
     0 | D:1      | Reached XP level 1. HP: 22/22 MP: 0/0
    64 | D:1      | Reached XP level 2. HP: 29/29 MP: 1/1
   565 | D:2      | Reached skill level 3 in Fighting
   565 | D:2      | Reached XP level 3. HP: 30/37 MP: 2/2
   642 | D:2      | Reached skill level 4 in Unarmed Combat
  1262 | D:3      | Found a shimmering blue altar of Sif Muna.
  1291 | D:3      | Reached XP level 4. HP: 45/45 MP: 3/3
  1748 | D:3      | Found a hazy altar of Hepliaklqana.
  1981 | D:3      | Reached skill level 5 in Unarmed Combat
  2002 | D:3      | Reached XP level 5. HP: 51/53 MP: 4/4
  2144 | D:4      | Noticed an ogre
  2151 | D:4      | Killed an ogre
  2152 | D:4      | Reached skill level 6 in Unarmed Combat
  2260 | D:4      | Reached XP level 6. HP: 45/61 MP: 5/5
  2336 | D:4      | Reached skill level 7 in Unarmed Combat
  2358 | D:4      | Found Bukucioc's Weapon Emporium.
  2423 | D:4      | Noticed an orc warrior
  2438 | D:4      | HP: 3/61 [orc warrior/+2 dire flail of protection (13)]
  2442 | D:4      | Slain by an orc warrior

Vanquished Creatures
  2 ogres (D:4)
  A scorpion (D:4)
  A hound (D:4)
  An orc priest (D:4)
  An iguana (D:4)
  2 orc wizards (D:3)
  3 adders
  2 worms (D:2)
  2 dart slugs
  5 orcs
  8 endoplasms
  2 giant cockroaches
  10 goblins
  10 hobgoblins
  5 jackals
  7 kobolds
  2 quokkas
  4 ball pythons
  3 bats
  5 frilled lizards
  2 rats (D:1)
78 creatures vanquished.
